 Dungeon Crawl Stone Soup version 0.30.0-17-ge0270778cf (webtiles) character file.

Game seed: 3780276974708301832

4110 Farfigtubin the Zephyrmancer (level 10, -2/50 HPs)
             Began as a Tengu Air Elementalist on May 22, 2023.
             Was a Believer of Vehumet.
             Succumbed to Erica's bolt of poison
             ... on level 9 of the Dungeon.
             The game lasted 01:06:29 (8953 turns).

Farfigtubin the Zephyrmancer (TeAE)                 Turns: 8953, Time: 01:06:29

Health: -2/50      AC:  2    Str:  8    XL:     10   Next: 26%
Magic:  11/21      EV: 19    Int: 20    God:    Vehumet [**....]
Gold:   301        SH:  5    Dex: 21    Spells: 17/23 levels left

rFire   . . .        b - staff of air
rCold   . . .        (no shield)
rNeg    . . .        m - +0 robe
rPois   .            (helmet restricted)
rElec   +            (no cloak)
rCorr   .            (no gloves)
SInv    .            (boots unavailable)
Will    +....        J - amulet of reflection
Stlth   ++           q - ring of willpower
HPRegen 0.28/turn    H - +6 ring of dexterity
MPRegen 0.17/turn

%: reflection
@: lethally poisoned (-2 -> -20), flying quickly and evasively, studying Ranged
Weapons, quick
A: beak, talons 3, nimble flight
a: Renounce Religion


You were on level 9 of the Dungeon.
You worshipped Vehumet.
Vehumet was pleased with you.
You visited 2 branches of the dungeon, and saw 10 of its levels.

You collected 357 gold pieces.
You spent 56 gold pieces at shops.

Inventory:

Hand Weapons
 a - the +0 short sword of Fate {elec, rCorr Str-2 Int+4 Dex+5}
   (You found it on level 4 of the Dungeon)

   Str:       It affects your strength (-2).
   Int:       It affects your intelligence (+4).
   Dex:       It affects your dexterity (+5).
   rCorr:     It protects you from acid and corrosion.
 p - the +7 mace of Etetian {freeze, Fly rC- rN+ Int+5}
   (You found it on level 3 of the Dungeon)

   Int:       It affects your intelligence (+5).
   rC:        It makes you vulnerable to cold.
   rN:        It protects you from negative energy.
   Fly:       It grants you flight.
 t - a +0 long sword
 M - a +4 falchion
Missiles
 c - 93 stones
 d - 22 poisoned darts
 z - 5 atropa-tipped darts
 A - 7 boomerangs
 B - 2 throwing nets
 L - 4 curare-tipped darts
Armour
 m - a +0 robe (worn)
 w - a +2 tower shield
Magical Staves
 b - a staff of air (weapon)
Jewellery
 g - a ring of fire
 q - a ring of willpower (left hand)
 H - a +6 ring of dexterity (right hand)
 J - an amulet of reflection (around neck)
Wands
 y - a wand of charming (11)
Scrolls
 e - a scroll of noise {unknown}
 f - 4 scrolls of teleportation
 i - a scroll of fog
 k - 6 scrolls of fear
 l - 3 scrolls of poison
 n - 2 scrolls of enchant weapon
 s - a scroll of silence
 u - 2 scrolls of immolation
 C - a scroll of amnesia
 E - a scroll of enchant armour
 G - 4 scrolls of vulnerability
Potions
 h - 3 potions of degeneration {unknown}
 j - a potion of flight {unknown}
 o - a potion of curing
 v - a potion of lignification {unknown}
 x - a potion of haste
 D - a potion of ambrosia
 F - a potion of might {unknown}
 I - a potion of brilliance {unknown}
 N - a potion of mutation {unknown}
Miscellaneous
 K - a piece from Xom's chessboard (15/15)


   Skills:
 + Level 8.7 Long Blades
 * Level 6.1 Dodging
 - Level 2.0 Stealth
 + Level 7.3 Spellcasting
 - Level 4.7 Conjurations
 - Level 10.0 Air Magic


You had 17 spell levels left.
You knew the following spells:

 Your Spells              Type           Power      Damage    Failure   Level
a - Shock                 Conj/Air       100%       1d9       1%          1
b - Airstrike             Air            31%        2d(5-21)  1%          4
c - Foxfire               Conj/Fire      64%        2x1d7     3%          1

Your spell library contained the following spells:

 Spells                   Type           Power      Damage    Failure   Level
 Poisonous Vapours        Pois/Air       80%        N/A       1%          2
 Magic Dart               Conj           100%       1d8       1%          1
 Searing Ray              Conj           52%        2d6       1%          2
 Static Discharge         Conj/Air       100%       2-7/arc   1%          2
 Swiftness                Air            63%        N/A       1%          3
 Cigotuvi's Dreadful Rot  Necr/Pois/Air  60%        N/A       3%          2
 Apportation              Tloc           14%        N/A       10%         1
 Necrotise                Necr           28%        1d5       10%         1
 Sandblast                Erth           14%        2d6       10%         1
 Slow                     Hex            28%        N/A       10%         1
 Summon Small Mammal      Summ           28%        N/A       10%         1
 Stone Arrow              Conj/Erth      32%        3d9       11%         3
 Passwall                 Tmut/Erth      5%         N/A       14%         2
 Confusing Touch          Hex            7%         N/A       28%         3
 Vampiric Draining        Necr           7%         2d6       28%         3
 Fulminant Prism          Conj/Hex       8%         3d7       34%         4
 Dispel Undead            Necr           7%         3d8       67%         4
 Death Channel            Necr           3%         N/A       100%        6


Dungeon Overview and Level Annotations

Branches:
Dungeon (9/15)             Temple (1/1) D:6            Lair (0/5) D:9
    Orc: D:9-12

Altars:
Ashenzari
Cheibriados
Dithmenos
Elyvilon
Fedhas
Gozag
Hepliaklqana
Kikubaaqudgha
Makhleb
Nemelex Xobeh
Okawaru
Qazlal
Ru
Sif Muna
Trog
Uskayaw
Vehumet
Wu Jian
Xom
Yredelemnul
Zin
The Shining One

Shops:
D:3 =?

Annotations:
D:7 1 runed translucent door, turdburglar's ghost, novice MiGl
D:9 Erica


Innate Abilities, Weirdness & Mutations

You have a beak for a mouth.
You have claws for feet.
Your magical nature lets you fly swiftly and evasively.


Message History

Press: ? - help, Dir - move target
Aim: Disturbance You feel a surge of power!
The air twists around and strikes something!!
You hear some strange, mumbled words.
A bolt of poison appears from out of thin air!
The bolt of poison hits you!
You are poisoned.
You feel better.
You hear some strange, mumbled words.
A bolt of poison appears from out of thin air!
The bolt of poison hits you!
You are poisoned.
You hear some strange, mumbled words.
A bolt of poison appears from out of thin air!
The bolt of poison hits you!
You are lethally poisoned!
* * * LOW HITPOINT WARNING * * *
Casting: Airstrike (dangerous; 1% risk of failure)
Confirm with . or Enter, or press ? or * to list all spells.
You can't see any susceptible monsters within range! (Use Z to cast anyway.)
Casting: Airstrike (dangerous; 1% risk of failure)
Confirm with . or Enter, or press ? or * to list all spells.
Okay, then.
Casting: Airstrike (dangerous; 1% risk of failure)
Confirm with . or Enter, or press ? or * to list all spells.
Aiming: Airstrike (dangerous; 1% risk of failure)
Press: ? - help, Dir - move target You feel a surge of power!
The spell fizzles.
* * * LOW HITPOINT WARNING * * *
You feel extremely sick.
You hear some strange, mumbled words.
A bolt of poison appears from out of thin air!
The bolt of poison misses you.
Blink to where?
Press: ? - help, Dir - move target
As you read the scroll of blinking, it crumbles to dust.
* * * LOW HITPOINT WARNING * * *
You feel very sick.
You die... ## #...........# .#####.....)....## .+..##..........# P.PPPPPP#.#PP

.##.............# #P.P#.......P.
.#####.>........###PPP..~~≈~~..P.
.# #######>.####PPP..≈≈≈≈{≈≈...
## ##.# PP..≈≈≈≈≈≈≈≈~.. # #.####
#.~≈≈~~~~≈≈~≈. #
#...@###.≈≈≈≈...~≈~~.
#.##.....≈≈≈~._......
#.######.~≈≈§...~≈≈~. #.#
#P.~~≈≈≈~≈≈≈≈~. #.#
#P..~~~≈≈≈≈~~.. #).
#P#P..~~≈≈≈~~..# ...
#PPP#..~~~≈~..PP #.
#PPP##.......P#P


#P.PP.PP.PP##PPP There were no monsters in sight!

Vanquished Creatures
  Pikel (D:7)
  Prince Ribbit (D:8)
  Sigmund (D:6)
  A yak (D:7)
  A steam dragon (D:7)
  3 water moccasins
  An orc warrior (D:6)
  2 ice beasts
  3 sky beasts
  2 centaurs
  2 ogres (D:7)
  A lemure (D:7)
  A phantom (D:5)
  A kobold brigand (D:4)
  A bullfrog (D:6)
  A gnoll sergeant (D:6)
  7 scorpions
  10 killer bees (D:9)
  A howler monkey (D:6)
  5 orc priests
  2 jellies
  4 hounds
  3 iguanas
  An orc wizard (D:6)
  9 gnolls
  7 adders
  A shadow imp (D:8)
  2 white imps
  2 ufetubi
  4 worms
  2 dart slugs
  22 orcs
  6 ball pythons
  7 endoplasms
  3 giant cockroaches
  11 goblins
  4 hobgoblins
  5 jackals
  3 quokkas
  4 bats
  4 frilled lizards
  A goblin zombie (D:8)
  9 kobolds
  A kobold skeleton (D:8)
  2 kobold zombies (D:8)
  2 orc skeletons (D:8)
  2 orc zombies (D:8)
  9 rats
178 creatures vanquished.

Notes
Turn   | Place    | Note
-------+----------+-------------------------------------------
     0 | D:1      | Farfigtubin the Tengu Air Elementalist began the quest for
                  | the Orb.
     0 | D:1      | Reached XP level 1. HP: 10/10 MP: 4/4
   287 | D:1      | Reached XP level 2. HP: 10/15 MP: 0/6
   727 | D:1      | Reached skill level 5 in Air Magic
   823 | D:1      | Reached XP level 3. HP: 19/19 MP: 4/7
  1430 | D:2      | Found a faded altar of an unknown god.
  1909 | D:3      | Found Rigahuaz's Jewellery Shoppe.
  2221 | D:3      | Reached XP level 4. HP: 24/24 MP: 4/8
  2373 | D:3      | Identified the +7 mace of Etetian {freeze, Fly rC- rN+
                  | Int+5}
  2387 | D:3      | Found a shadowy altar of Dithmenos.
  2524 | D:3      | Found Neojew's Magic Scroll Shop.
  2614 | D:3      | Found Koacy's General Store.
  2617 | D:3      | Found an ancient bone altar of Kikubaaqudgha.
  2696 | D:3      | Reached skill level 1 in Long Blades
  2702 | D:3      | Found a bloodstained altar of Trog.
  2746 | D:3      | Found a stormy altar of Qazlal.
  3096 | D:3      | Bought a scroll of fear for 56 gold pieces
  3156 | D:4      | Found a broken altar of Ashenzari.
  3161 | D:4      | Reached skill level 6 in Air Magic
  3264 | D:4      | Noticed a kobold brigand
  3279 | D:4      | Gained mutation: Your magical nature lets you fly swiftly
                  | and evasively. [Tengu growth]
  3279 | D:4      | Reached XP level 5. HP: 27/28 MP: 0/9
  3288 | D:4      | Killed a kobold brigand
  3289 | D:4      | Reached XP level 6. HP: 22/32 MP: 4/10
  3342 | D:4      | Reached skill level 7 in Air Magic
  3423 | D:4      | Noticed a sky beast
  3551 | D:4      | Identified the +0 short sword of Fate {elec, rCorr Str-2
                  | Int+4 Dex+5}
  3738 | D:3      | Learned a level 4 spell: Airstrike
  3905 | D:4      | Found a glowing silver altar of Zin.
  4167 | D:5      | Entered Level 5 of the Dungeon
  4365 | D:5      | Reached skill level 8 in Air Magic
  4365 | D:5      | Reached XP level 7. HP: 25/36 MP: 1/11
  5260 | D:5      | Reached skill level 9 in Air Magic
  5448 | D:6      | Reached XP level 8. HP: 41/41 MP: 7/13
  5646 | D:6      | Found a staircase to the Ecumenical Temple.
  5662 | Temple   | Entered the Ecumenical Temple
  5767 | Temple   | Became a worshipper of Vehumet
  5814 | D:6      | Noticed Sigmund
  5823 | D:6      | Killed Sigmund
  6130 | D:7      | Reached skill level 10 in Air Magic
  6442 | D:7      | Reached skill level 5 in Long Blades
  6711 | D:6      | Reached skill level 5 in Spellcasting
  6718 | D:6      | Reached XP level 9. HP: 40/45 MP: 6/17
  7334 | D:7      | Reached * piety under Vehumet
  7334 | D:7      | Offered knowledge of Foxfire by Vehumet.
  7346 | D:7      | Learned a level 1 spell: Foxfire
  7386 | D:7      | Found a runed translucent door.
  7386 | D:7      | Noticed turdburglar's ghost (novice MiGl)
  7512 | D:7      | Found a hazy altar of Hepliaklqana.
  7680 | D:7      | Noticed Pikel
  7823 | D:7      | Killed Pikel
  8199 | D:8      | Found a glowing golden altar of the Shining One.
  8382 | D:8      | Noticed Prince Ribbit
  8385 | D:8      | Killed Prince Ribbit
  8386 | D:8      | Reached skill level 5 in Dodging
  8386 | D:8      | Reached XP level 10. HP: 50/50 MP: 8/21
  8421 | D:8      | Found a shimmering altar of Xom.
  8449 | D:8      | You are sucked into a shaft and drop 1 floor!
  8545 | D:9      | Offered knowledge of Poisonous Vapours by Vehumet.
  8553 | D:9      | Reached ** piety under Vehumet
  8897 | D:9      | Found a staircase to the Lair.
  8930 | D:9      | Found a blossoming altar of Fedhas.
  8935 | D:9      | Noticed Erica
  8952 | D:9      | HP: 2/50 [poisoned by Erica (bolt of poison)]
  8953 | D:9      | Succumbed to Erica's bolt of poison

Illustrated notes

Levels and vault maps discovered:
D:1:      elethiomel_arrival_infinity_welcomes_careful_drivers, layout_basic
D:2:      layout_basic, shapermc_ecumenical_altar_flowoftime
D:3:      layout_basic, trog_book, grunt_dithmenos_smoke,
          grunt_temple_overflow_open, serial_shops, shop,
          nicolae_shop_real_fake_doors, nicolae_shop_behind_doors,
          hangedman_decor_diamond_cutter
D:4:      layout_loops_ring, ashenzari_altar_1, marbit_many_paths, st_stairs_14,
          minmay_manual_mail
D:5:      layout_cave_pods
D:6:      minmay_bubble_buster, layout_rooms, minmay_temple_entry_proselytizer,
          uniq_sigmund
D:7:      layout_loops_ring, nzn_hepliaklqana_mist_gate, gammafunk_ghost_grave,
          uniq_pikel
D:8:      layout_loops_ring, xom_butterflies, nicolae_tso_besieged_by_evil,
          enter_bailey_5, uniq_prince_ribbit1
D:9:      layout_roguey [special_room_bee], tgw_fedhas, lair_entry_dummy,
          uniq_erica
Temple:   hellmonk_temple_forest_ring

Skill      XL: |  1  2  3  4  5  6  7  8  9 10 |
---------------+-------------------------------+-----
Conjurations   | 2 3 4 |  4.7
Air Magic      | 5 6 8 9 10 | 10.0
Long Blades    | 1 2 3 4 6 8 |  8.7
Spellcasting   | 3 5 7 |  7.3
Dodging        | 5 6 |  6.1
Stealth        | |  2.0

Action                     |  1- 3 |  4- 6 |  7- 9 | 10-12 || total
---------------------------+-------+-------+-------+-------++-------
  Melee: Dagger            |     4 |       |       |       ||     4
         Unarmed           |     1 |       |       |       ||     1
         Kick              |     1 |     1 |     1 |     1 ||     4
         Peck              |     1 |       |     1 |       ||     2
         Short sword       |       |     1 |     3 |       ||     4
         Staff             |       |       |     1 |     1 ||     2
   Cast: Shock             |    96 |    99 |   172 |    23 ||   390
         Airstrike         |       |       |    24 |     7 ||    31
    Use: Potion            |       |     3 |     2 |     3 ||     8
         Scroll            |       |     1 |     2 |    13 ||    16
   Stab: Sleeping          |       |       |     1 |       ||     1
 Armour: Robe              |     3 |     6 |     2 |       ||    11
  Dodge: Dodged            |    11 |    20 |    56 |    32 ||   119
  Block: Other             |       |       |     4 |     7 ||    11
